 Dungeon Crawl Stone Soup version 0.29.0-7-g18a832c13a (webtiles) character file.

Game seed: 3554396319278596651

10175 gelatine the Thaumaturge (level 11, -4/65 (74) HPs)
             Began as a Demonspawn Venom Mage on Aug 30, 2022.
             Was a Priest of Vehumet.
             Killed from afar by Josephine (15 damage)
             ... with a ghostly fireball
             ... on level 10 of the Dungeon.
             The game lasted 00:45:33 (11784 turns).

gelatine the Thaumaturge (Demonspawn Venom Mage)   Turns: 11784, Time: 00:45:33

HP:   -4/65 (74)    AC: 12    Str: 11    XL:     11   Next: 32%
MP:   19/23         EV: 15    Int: 25    God:    Vehumet [***...]
Gold: 567           SH:  0    Dex: 23    Spells: 11/27 levels left

rFire   . . .      SeeInvis .   a - +6 short sword (vamp)
rCold   . . .      Faith    .   (no shield)
rNeg    . . .      Spirit   .   f - +0 steam dragon scales
rPois   .          Reflect  .   R - +2 helmet
rElec   .          Harm     .   o - +1 cloak
rCorr   .          Rampage  .   (no gloves)
Will    .....                   k - +1 pair of boots
Stlth   +++++.....              O - amulet of regeneration
HPRegen 1.00/turn               z - +6 ring of intelligence
MPRegen 0.18/turn               C - +6 ring of dexterity

@: about to teleport, wereblooded, slowed, heavily drained, very slow
A: thin skeletal structure 2, powered by pain 1, spiny 2, demonic touch 2
a: Renounce Religion


You were on level 10 of the Dungeon.
You worshipped Vehumet.
Vehumet was most pleased with you.
You visited 2 branches of the dungeon, and saw 11 of its levels.

You collected 567 gold pieces.

Inventory:

Hand Weapons
 a - a +6 vampiric short sword (weapon)
 d - a +4 long sword of freezing
Missiles
 N - 6 datura-tipped darts
 V - 2 throwing nets
Armour
 f - +0 steam dragon scales (worn)
 k - a +1 pair of boots (worn)
 m - a +3 leather armour
 o - a +1 cloak (worn)
 E - a +3 scale mail
 R - a +2 helmet (worn)
 U - a +2 robe of willpower
 W - +0 acid dragon scales
Magical Staves
 B - a staff of air
 D - a staff of conjuration
 P - a staff of cold
Jewellery
 i - a ring of protection from fire
 z - a +6 ring of intelligence (left hand)
 C - a +6 ring of dexterity (right hand)
 G - a ring of see invisible
 H - an amulet of reflection
 O - an amulet of regeneration (around neck)
 Q - a +6 ring of strength
Wands
 w - a wand of polymorph (10)
 L - a wand of iceblast (11)
Scrolls
 g - 5 scrolls of torment
 j - 3 scrolls of amnesia
 l - a scroll of silence
 t - a scroll of vulnerability
 x - a scroll of fog {unknown}
 y - a scroll of fear {unknown}
 I - 2 scrolls of teleportation
 K - a scroll of magic mapping
 T - a scroll of identify
 X - a scroll of brand weapon
Potions
 b - 3 potions of magic
 c - 2 potions of flight {unknown}
 e - 5 potions of curing {unknown}
 h - a potion of attraction {unknown}
 n - 2 potions of degeneration {unknown}
 p - 4 potions of mutation {unknown}
 q - a potion of heal wounds {unknown}
 r - a potion of might {unknown}
 u - a potion of invisibility {unknown}
 v - 2 potions of resistance {unknown}
 A - 2 potions of berserk rage {unknown}
 F - 2 potions of lignification {unknown}
 J - a potion of brilliance {unknown}
 M - 2 potions of ambrosia {unknown}
 S - a potion of haste {unknown}


   Skills:
 + Level 2.8 Fighting
 + Level 3.5(4.3) Short Blades
 + Level 3.8(4.5) Long Blades
 + Level 1.0 Armour
 + Level 4.5 Dodging
 + Level 4.5 Stealth
 + Level 0.2 Shields
 + Level 8.7 Spellcasting
 + Level 2.0 Conjurations
 + Level 6.0 Transmutations
 + Level 5.0 Fire Magic
 + Level 2.1 Air Magic
 + Level 8.3 Poison Magic


You had 11 spell levels left.
You knew the following spells:

 Your Spells              Type           Power      Damage    Failure   Level
a - Sting                 Tmut/Pois      100%       1d8       1%          1
b - Poisonous Vapours     Pois/Air       74%        N/A       1%          2
c - Mephitic Cloud        Conj/Pois/Air  31%        N/A       1%          3
d - Olgreb's Toxic Radia  Pois           52%        N/A       1%          4
e - Ignite Poison         Fire/Tmut/Pois 43%        N/A       1%          3
f - Wereblood             Tmut           41%        N/A       1%          2
g - Foxfire               Conj/Fire      100%       2x1d9     1%          1

Your spell library contained the following spells:

 Spells                   Type           Power      Damage    Failure   Level
 Airstrike                Air            10%        2d(2-18)  7%          4
 Beastly Appendage        Tmut           82%        N/A       1%          1
 Conjure Flame            Conj/Fire      28%        6-21      1%          3
 Spider Form              Tmut/Pois      46%        N/A       1%          3
 Sticky Flame             Conj/Fire      28%        2d5       3%          4
 Blink                    Tloc           20%        N/A       9%          2
 Sublimation of Blood     Necr           10%        N/A       9%          2
 Irradiate                Conj/Tmut      15%        3d16      9%          5
 Corpse Rot               Necr/Pois/Air  28%        N/A       13%         4
 Petrify                  Tmut/Erth      26%        N/A       16%         4
 Lesser Beckoning         Tloc           10%        N/A       17%         3
 Freezing Cloud           Conj/Ice/Air   8%         6-21      22%         5
 Dispel Undead            Necr           10%        3d9       50%         4
 Manifold Assault         Tloc           10%        N/A       83%         5
 Death Channel            Necr           5%         N/A       100%        6
 Summon Hydra             Summ           5%         N/A       100%        7


Dungeon Overview and Level Annotations

Branches:
Dungeon (10/15)            Temple (1/1) D:5            Lair (0/5) D:10
    Orc (0/2) D:9

Altars:
Ashenzari
Cheibriados
Dithmenos
Fedhas
Gozag
Hepliaklqana
Kikubaaqudgha
Makhleb
Nemelex Xobeh
Okawaru
Qazlal
Ru
Sif Muna
Trog
Uskayaw
Vehumet
Wu Jian
Xom
Yredelemnul

Shops:
D:4 *   D:6 [   D:8 [   D:10 (

Annotations:
D:10 Josephine


Innate Abilities, Weirdness & Mutations

You have a moderately thin skeletal structure. (Dex +4, Stealth++)
You sometimes gain a little power by taking damage.
You are mostly covered in sharp spines.
Your touch may inflict irresistible damage on your foes.


Message History

The ghostly fireball engulfs the wraith.
The wraith completely resists.
The ghostly fireball engulfs Josephine.
Josephine completely resists.
The ghostly fireball engulfs the wraith.
The wraith completely resists.
The wraith hits you. The wraith drains your vigour!
You feel as though you will be slow longer.
The wraith hits you! The wraith drains your vigour!
You feel as though you will be slow longer.
Okay, then.
Casting: Ignite Poison (safe; 1% risk of failure)
Confirm with . or Enter, or press ? or * to list all spells.
Aiming: Poisonous Vapours (safe; 1% risk of failure)
Press: ? - help, Dir - move target, f/p - Josephine
Aim: Josephine, wielding a +0 dagger and wearing a +0 robe (severely wounded) Poisonous vapours surround Josephine!
Josephine is poisoned.
Josephine gestures at you while chanting.
The ghostly flame explodes!
The ghostly fireball engulfs you!
You feel drained.
* * * LOW HITPOINT WARNING * * *
You focus on the pain.
You feel your power returning.
The ghostly fireball engulfs the wraith.
The wraith completely resists.
The ghostly fireball engulfs Josephine.
Josephine completely resists.
The ghostly fireball engulfs the wraith.
The wraith completely resists.
The wraith closely misses you. The wraith barely misses you.
Blink to where?
Press: ? - help, Q - select action, (/) - cycle Dir - move target, p - Josephine
As you read the scroll of blinking, it crumbles to dust.
You howl as the wereblood boils in your veins!
Josephine casts a spell at you.
The ghostly flame explodes!
The ghostly fireball engulfs you!!
You feel drained.
* * * LOW HITPOINT WARNING * * *
As you read the scroll of teleportation, it crumbles to dust.
You feel strangely unstable.
You howl as the wereblood boils in your veins!
Josephine casts a spell at you.
The ghostly flame explodes!
The ghostly fireball engulfs you!
You feel drained.
You die...

#.............. #..........
#####..............####.....#####
...†§.......................#
..........@.................#
..............[.............#
............................#
###........WW...............#
#.........................# #
#.............@..........>#####
#.....###########..............
#.....#........ #............##
#.....#........ #............#
##.....#........ #............#
##......'........ #........###.#
.....####........ #..####### #.#
..(....##........ #..# #.#
.......##........ #..# #.##


You could see Josephine (poisoned) and 2 wraiths.

Vanquished Creatures
  Erica (D:8)
  3 death yaks (D:10)
  Psyche (D:10)
  A hornet (D:10)
  Prince Ribbit (D:7)
  12 yaks (D:10)
  2 wraiths (D:10)
  2 wyverns
  2 steam dragons
  An acid dragon (D:10)
  A water moccasin (D:7)
  An ice beast (D:6)
  2 orc warriors (D:8)
  A sky beast (D:7)
  2 centaurs
  2 kobold brigands
  3 bullfrogs
  A gnoll sergeant (D:8)
  2 necrophages (D:6)
  2 scorpions
  22 wights
  9 killer bees (D:9)
  3 howler monkeys
  4 jellies
  11 orc priests
  6 hounds
  2 gnoll boudas
  4 iguanas
  12 orc wizards
  A hell rat (D:10)
  12 gnolls
  12 adders
  4 river rats (D:10)
  A white imp (D:7)
  4 ufetubi
  A worm (D:3)
  3 dart slugs (D:1)
  55 orcs
  4 ball pythons
  7 endoplasms
  6 giant cockroaches
  4 goblins
  4 hobgoblins
  2 jackals (D:4)
  16 kobolds
  5 quokkas
  A bat (D:1)
  5 frilled lizards
  7 rats
270 creatures vanquished.

Vanquished Creatures (others)
  A gnoll (D:6)
  A kobold (D:10)
  62 foxfires (D:10)
64 creatures vanquished.

Grand Total: 334 creatures vanquished

Notes
Turn   | Place    | Note
-------+----------+-------------------------------------------
     0 | D:1      | gelatine the Demonspawn Venom Mage began the quest for the
                  | Orb.
     0 | D:1      | Reached XP level 1. HP: 13/13 MP: 3/3
   248 | D:1      | Gained mutation: You are partially covered in sharp spines.
                  | [demonic ancestry]
   248 | D:1      | Reached XP level 2. HP: 19/19 MP: 3/5
   367 | D:1      | Reached skill level 1 in Transmutations
   504 | D:1      | Found a faded altar of an unknown god.
   717 | D:1      | Gained mutation: Your touch may inflict minor irresistible
                  | damage on your foes. [demonic ancestry]
   717 | D:1      | Reached XP level 3. HP: 12/24 MP: 3/6
  1408 | D:2      | Learned a level 2 spell: Poisonous Vapours
  2260 | D:3      | Learned a level 3 spell: Mephitic Cloud
  2274 | D:3      | Gained mutation: Your touch may inflict irresistible damage
                  | on your foes. [demonic ancestry]
  2274 | D:3      | Reached XP level 4. HP: 30/30 MP: 0/8
  3871 | D:4      | Reached skill level 1 in Air Magic
  4048 | D:4      | Gained mutation: You sometimes gain a little power by
                  | taking damage. [demonic ancestry]
  4048 | D:4      | Reached XP level 5. HP: 35/35 MP: 1/9
  4659 | D:4      | Learned a level 4 spell: Olgreb's Toxic Radiance
  4721 | D:4      | Gained mutation: You are mostly covered in sharp spines.
                  | [demonic ancestry]
  4721 | D:4      | Reached XP level 6. HP: 41/41 MP: 5/11
  4975 | D:4      | Found Odaduop's Neck Hole.
  5186 | D:4      | Found a sparkling altar of Nemelex Xobeh.
  5213 | D:4      | Reached skill level 5 in Poison Magic
  5371 | D:5      | Entered Level 5 of the Dungeon
  5379 | D:5      | Found a staircase to the Ecumenical Temple.
  5387 | Temple   | Entered the Ecumenical Temple
  5600 | D:5      | Gained mutation: You have a somewhat thin skeletal
                  | structure. (Dex +2, Stealth+) [demonic ancestry]
  5600 | D:5      | Reached XP level 7. HP: 42/46 MP: 13/13
  6559 | D:5      | Learned a level 3 spell: Ignite Poison
  7062 | D:6      | Reached skill level 5 in Spellcasting
  7233 | D:6      | Found Kyuder's Armour Shop.
  7292 | D:6      | Reached XP level 8. HP: 43/52 MP: 15/15
  7352 | D:6      | Reached skill level 1 in Fire Magic
  7762 | D:6      | Reached skill level 1 in Short Blades
  8272 | D:7      | Learned a level 2 spell: Wereblood
  8275 | D:7      | Reached skill level 1 in Long Blades
  8452 | D:7      | Noticed Prince Ribbit
  8460 | D:7      | Killed Prince Ribbit
  8461 | D:7      | Reached XP level 9. HP: 43/58 MP: 10/18
  8561 | D:7      | Found a radiant altar of Vehumet.
  8570 | D:7      | Became a worshipper of Vehumet
  8759 | D:7      | Reached skill level 1 in Fighting
  9138 | D:8      | Reached * piety under Vehumet
  9138 | D:8      | Offered knowledge of Sandblast by Vehumet.
  9205 | D:8      | Noticed Erica
  9210 | D:8      | Killed Erica
  9351 | D:8      | Found an ornate altar of the Wu Jian Council.
  9567 | D:8      | Gained mutation: You have a moderately thin skeletal
                  | structure. (Dex +4, Stealth++) [demonic ancestry]
  9567 | D:8      | Reached XP level 10. HP: 68/68 MP: 11/20
  9923 | D:8      | Found Haefem's Antique Armour Emporium.
 10060 | D:9      | Reached skill level 1 in Armour
 10142 | D:9      | Reached ** piety under Vehumet
 10142 | D:9      | Offered knowledge of Foxfire by Vehumet.
 10145 | D:9      | Learned a level 1 spell: Foxfire
 10352 | D:9      | Found a staircase to the Orcish Mines.
 10354 | D:9      | Reached skill level 5 in Transmutations
 11166 | D:10     | Entered Level 10 of the Dungeon
 11273 | D:10     | Noticed Psyche
 11305 | D:10     | Killed Psyche
 11309 | D:10     | Reached skill level 1 in Conjurations
 11390 | D:10     | Found a burning altar of Makhleb.
 11393 | D:10     | Found a shimmering blue altar of Sif Muna.
 11404 | D:10     | Offered knowledge of Inner Flame by Vehumet.
 11419 | D:10     | Reached *** piety under Vehumet
 11527 | D:10     | Reached XP level 11. HP: 74/74 MP: 17/23
 11553 | D:10     | Found Jyismus's Antique Weapon Shop.
 11659 | D:10     | Noticed a death yak
 11664 | D:10     | Noticed a death yak
 11670 | D:10     | Killed a death yak
 11674 | D:10     | Noticed a death yak
 11675 | D:10     | Killed a death yak
 11675 | D:10     | Offered knowledge of Airstrike by Vehumet.
 11676 | D:10     | Reached skill level 5 in Fire Magic
 11680 | D:10     | Found a staircase to the Lair.
 11683 | D:10     | Killed a death yak
 11767 | D:10     | Noticed Josephine
 11784 | D:10     | Killed from afar by Josephine

Illustrated notes

Levels and vault maps discovered:
D:1:      shiori_arrival_maze, layout_basic, chequers_ecumenical_altar_island
D:2:      layout_basic
D:3:      layout_basic
D:4:      layout_loops_corners, nemelex_xobeh_ov_fountains_minmay,
          nicolae_shop_sticking_my_neck_out
D:5:      layout_basic, minmay_temple_entry_glassed_door
D:6:      layout_basic, serial_shops, nicolae_shop_stone
D:7:      layout_cave_pools, fiery_altar_vehumet, minmay_circle_x,
          uniq_prince_ribbit1
D:8:      layout_loops_ring, nzn_wu_jian_contemplation, serial_glass,
          glass_columns_a, glass_columns_a, glass_columns_c, glass_columns_b,
          glass_columns_c, glass_columns_b, serial_shops, kennysheep_little_box,
          uniq_erica
D:9:      layout_basic, orc_0_dummy, chequers_serial_rivers_micro_b
D:10:     layout_irregular_city, grunt_temple_overflow_open, dpeg_lair_monsters,
          serial_shops, nicolae_shop_behind_doors, uniq_josephine, uniq_psyche
Temple:   sentei_temple_godly_chess

Skill      XL: |  1  2  3  4  5  6  7  8  9 10 11 |
---------------+----------------------------------+-----
Transmutations | 1 2 3 4 5 6 |  6.0
Stealth        | 2 3 4 |  4.5
Dodging        | 2 3 4 |  4.5
Poison Magic   | 4 5 6 7 8 |  8.3
Air Magic      | 1 2 |  2.1
Spellcasting   | 3 4 5 6 8 |  8.7
Fire Magic     | 3 4 5 |  5.0
Short Blades   | 1 3 |  3.5
Long Blades    | 1 3 |  3.8
Fighting       | 2 |  2.8
Armour         | 1 |  1.0
Conjurations   | 1 2 |  2.0
Shields        | |  0.2

Action                   |  1- 3 |  4- 6 |  7- 9 | 10-12 || total
-------------------------+-------+-------+-------+-------++-------
Melee: Unarmed           |     9 |       |       |       ||     9
       Whip              |     4 |       |       |       ||     4
       Touch             |     1 |     8 |    21 |    20 ||    50
       Short sword       |       |    40 |    26 |    95 ||   161
       Long sword        |       |       |    59 |       ||    59
       Dagger            |       |       |     9 |       ||     9
Throw: Throwing net      |       |       |     1 |       ||     1
 Cast: Sting             |    71 |    57 |    58 |     4 ||   190
       Poisonous Vapours |     7 |    25 |    17 |     3 ||    52
       Mephitic Cloud    |       |     3 |       |       ||     3
       Olgreb's Toxic Ra |       |     4 |    12 |    10 ||    26
       Ignite Poison     |       |       |    11 |    12 ||    23
       Wereblood         |       |       |     8 |     9 ||    17
       Foxfire           |       |       |       |    34 ||    34
Evoke: Wand              |       |       |     1 |       ||     1
  Use: Scroll            |     4 |     1 |     2 |    10 ||    17
 Stab: Confused          |       |     2 |       |       ||     2
       Sleeping          |       |       |     4 |     5 ||     9
Armor: Robe              |     2 |    13 |    24 |       ||    39
       Scale mail        |       |       |     5 |       ||     5
       Steam dragon scal |       |       |       |    36 ||    36
       Skin              |       |       |       |     3 ||     3
Dodge: Dodged            |    15 |    35 |    66 |    66 ||   182
Block: Other             |       |       |    15 |       ||    15
